 Dungeon Crawl Stone Soup version 0.26-a0-284-g73c0fb6129 (webtiles) character file.

Game seed: 10608211321092156633

259479 BeastOfSaturn the Severer (level 19, -6/138 HPs)
             Began as a Demonspawn Venom Mage on July 8, 2020.
             Was the Champion of Ru.
             Mangled by a +1 glaive of protection (29 damage)
             ... on level 2 of the Elven Halls on July 13, 2020.
             The game lasted 03:56:02 (43457 turns).

BeastOfSaturn the Severer (Demonspawn Venom Mage)  Turns: 43457, Time: 03:56:02

Health: -6/138     AC: 21    Str: 16    XL:     19   Next: 15%
Magic:  3/18       EV: 14    Int: 17    God:    Ru [******]
Gold:   1386       SH: 13    Dex: 17    Spells: 13/41 levels left

rFire    + + .     SeeInvis .   S - +9 broad axe (vamp)
rCold    . . .     Faith    .   Z - +0 kite shield
rNeg     . . .     Spirit   .   l - +2 acid dragon scales
rPois    +         Reflect  .   (helmet unavailable)
rElec    .         Harm     .   Q - +0 cloak
rCorr    +                      m - +0 pair of gloves
MR       +....                  F - +1 pair of boots {Stlth+}
Stlth    ..........             X - amulet of Mateh {rF+ Regen+ MP-9 Dex+3}
HPRegen  0.73/turn              I - +4 ring of protection
MPRegen  0.16/turn              y - ring "Rasiw" {rPois AC+4 Slay+2}

@: very slightly contaminated, hasted, heavily drained, repel missiles, very
quick
A: horns 3, repulsion field 3, fire resistance 1, ignite blood, low mp 2,
powered by pain 2, screaming 1, augmentation 1, no potion heal 1, flame cloud
immunity, no stealth, no air magic, no charms magic, no necromancy magic,
inexperienced 1
}: 2/15 runes: decaying, gossamer
a: Draw Out Power, Power Leap, Apocalypse, Renounce Religion


You were on level 2 of the Elven Halls.
You worshipped Ru.
Ru was exalted by your worship.
You visited 7 branches of the dungeon, and saw 34 of its levels.
You visited the Abyss 2 times.
You also visited: Ossuary.

You collected 5062 gold pieces.
You spent 3676 gold pieces at shops.

Inventory:

Hand Weapons
 G - the +12 hand axe of Valour {vorpal, rF+}
   (You found it on level 7 of the Dungeon)

   It inflicts extra damage upon your enemies.
   It protects you from fire.
 S - a +9 vampiric broad axe (weapon)
Missiles
 f - 2 throwing nets
 B - 20 curare-tipped darts (quivered)
Armour
 l - +2 acid dragon scales (worn)
 m - a +0 pair of gloves (worn)
 F - a +1 pair of boots of stealth (worn)
 Q - a +0 cloak (worn)
 Z - a +0 kite shield (worn)
Jewellery
 y - the ring "Rasiw" (right hand) {rPois AC+4 Slay+2}
   (You found it on level 5 of the Dungeon)

   [ring of protection]

   It affects your AC (+4).
   It affects your accuracy and damage with ranged weapons and melee attacks
   (+2).
   It protects you from poison.
 I - a +4 ring of protection (left hand)
 R - an uncursed ring of poison resistance
 X - the amulet of Mateh (around neck) {rF+ Regen+ MP-9 Dex+3}
   (You found it on level 2 of the Swamp)

   [amulet of regeneration]

   It affects your dexterity (+3).
   It protects you from fire.
   It affects your magic capacity (-9).
   It increases your rate of regeneration.
Wands
 d - a wand of disintegration (15)
 i - a wand of clouds (8)
 p - a wand of digging (7)
 w - a wand of iceblast (7)
 H - a wand of polymorph (18)
 N - a wand of paralysis (19)
 O - a wand of flame (69)
Scrolls
 a - a scroll of amnesia
 e - 5 scrolls of enchant armour
 g - 8 scrolls of remove curse
 j - 5 scrolls of fear
 s - a scroll of enchant weapon
 u - a scroll of magic mapping
 v - a scroll of blinking
 K - 5 scrolls of immolation
 M - 7 scrolls of identify
 P - 11 scrolls of teleportation
 T - a scroll of silence
 W - 2 scrolls of torment
Potions
 b - 13 potions of curing
 h - 2 potions of magic
 k - 5 potions of lignification
 n - 3 potions of brilliance
 o - 9 potions of flight
 t - 6 potions of haste
 z - 8 potions of might
 A - 4 potions of berserk rage
 D - 2 potions of cancellation
 J - a potion of mutation
 U - 2 potions of resistance
Miscellaneous
 q - a tin of tremorstones (3/3)
 r - a lightning rod (2/4)
 C - a lightning rod (2/4)
 E - 2 boxes of beasts
 L - 2 phantom mirrors
 V - a phial of floods
 Y - a phial of floods
Comestibles
 c - 35 removed foods


   Skills:
 - Level 9.0(6.8) Fighting
 * Level 17.1(14.4) Axes
 - Level 7.0(4.9) Armour
 - Level 1.7(0.0) Dodging
 - Level 15.0(12.5) Shields
 * Level 11.6(9.3) Spellcasting
 - Level 9.1(7.0) Conjurations
 * Level 8.2(6.1) Translocations
 - Level 0.8(0.0) Transmutations
 - Level 10.0(7.7) Fire Magic
 - Level 8.0(5.8) Poison Magic
 - Level 5.6(3.6) Evocations


You had 13 spell levels left.
You knew the following spells:

 Your Spells              Type           Power        Failure   Level
a - Sting                 Tmut/Pois      ###.         4%          1
b - Controlled Blink      Tloc           N/A          100%        8
c - Starburst             Conj/Fire      ####......   77%         6
d - Olgreb's Toxic Radia  Pois           ####....     16%         4
e - Fireball              Conj/Fire      ####......   22%         5
f - Hailstorm             Conj/Ice       ###.....     38%         4

Your spell library contained the following spells:

 Spells                   Type           Power        Failure   Level
 Magic Dart               Conj           ####         1%          1
 Blink                    Tloc           N/A          1%          2
 Conjure Flame            Conj/Fire      ####....     2%          3
 Gell's Gravitas          Tloc           ####......   4%          3
 Ignite Poison            Fire/Tmut/Pois ###.....     8%          3
 Stone Arrow              Conj/Erth      ###...       12%         3
 Portal Projectile        Hex/Tloc       ###...       14%         3
 Recall                   Summ/Tloc      N/A          14%         3
 Freeze                   Ice            #...         17%         1
 Call Imp                 Summ           #.......     26%         2
 Slow                     Hex            #.......     26%         2
 Confusing Touch          Hex            #.......     45%         3
 Frozen Ramparts          Ice            #.....       45%         3
 Summon Forest            Summ/Tloc      ###.......   80%         5
 Petrify                  Tmut/Erth      #.......     86%         4
 Summon Ice Beast         Ice/Summ       #.......     86%         4
 Dispersal                Tloc           ####......   91%         6
 Aura of Abjuration       Summ           #.........   99%         5
 Metabolic Englaciation   Hex/Ice        #.........   99%         5
 Summon Demon             Summ           #.........   99%         5
 Summon Mana Viper        Hex/Summ       #.......     99%         5
 Yara's Violent Unravell  Hex/Tmut       #.........   99%         5
 Eringya's Noxious Bog    Tmut/Pois      ###.......   100%        6
 Hydra Form               Tmut           #.........   100%        6
 Shadow Creatures         Summ           N/A          100%        6
 Summon Hydra             Summ           #.........   100%        7
 Disjunction              Tloc           ####......   100%        8
 Ignition                 Fire           ####......   100%        8
 Poisonous Vapours        Pois/Air       Unusable     N/A         2
 Mephitic Cloud           Conj/Pois/Air  Unusable     N/A         3
 Animate Skeleton         Necr           Unusable     N/A         1
 Pain                     Necr           Unusable     N/A         1
 Corpse Rot               Necr/Air       Unusable     N/A         2
 Sublimation of Blood     Necr           Unusable     N/A         2
 Ozocubu's Armour         Chrm/Ice       Unusable     N/A         3
 Vampiric Draining        Necr           Unusable     N/A         3
 Animate Dead             Necr           Unusable     N/A         4
 Dispel Undead            Necr           Unusable     N/A         4
 Agony                    Necr           Unusable     N/A         5
 Borgnjor's Vile Clutch   Necr/Erth      Unusable     N/A         5
 Excruciating Wounds      Chrm/Necr      Unusable     N/A         5
 Death Channel            Necr           Unusable     N/A         6
 Simulacrum               Ice/Necr       Unusable     N/A         6
 Ring of Flames           Chrm/Fire      Unusable     N/A         7

Dungeon Overview and Level Annotations

Branches:
Dungeon (15/15)            Temple (1/1) D:4            Lair (6/6) D:11
  Swamp (4/4) Lair:4       Spider (4/4) Lair:3        Slime (0/5) Lair:6
    Orc (2/2) D:10            Elf (2/3) Orc:2        Vaults (0/5) D:13
 Depths (0/5) D:15        Ossuary (visited)

Altars:
Ashenzari
Cheibriados
Dithmenos
Elyvilon
Fedhas
Gozag
Hepliaklqana
Kikubaaqudgha
Makhleb
Nemelex Xobeh
Okawaru
Qazlal
Ru
Sif Muna
Trog
Uskayaw
Vehumet
Wu Jian
Xom
Yredelemnul
Zin
The Shining One

Shops:
D:4 :?((   D:6 :   D:13 x   Orc:2 !(*}   Elf:1 [*[

Portals:
Pandemonium: Orc:2

Annotations:
Lair:1 1 runed translucent door, exclusion: oklob plant, Zequfot's ghost, journeyman DESu
Spider:1 2 transporters, Sensen's ghost, adept MiBe
Spider:3 1 runed translucent door, MrRokkomies's ghost, adept KoAM


Innate Abilities, Weirdness & Mutations

You have a pair of large horns on your head.
You are surrounded by a strong repulsion field. (EV +4, RMsl)
Your flesh is heat resistant. (rF+)
Your demonic aura causes spilled blood to erupt in flames.
Your magical capacity is very low. (-20% MP)
You sometimes gain power by taking damage.
Your magical and physical power is slightly enhanced at high health.
Potions are less effective at restoring your health.
You are immune to clouds of flame.
You cannot be stealthy.
You cannot study or cast Air magic.
You cannot study or cast Charms magic.
You cannot study or cast Necromancy magic.
You are somewhat inexperienced. (-2 XL)
You occasionally shout uncontrollably at your foes.


Message History

Evoke which item? (* to show all) (? for menu, Esc to quit)
Aiming: Corrosive Bolt
Press: ? - help, Shift-Dir - straight line The now-empty wand crumbles to dust.
Evoke which item? (* to show all) (? for menu, Esc to quit)
Aiming: Thunderbolt
Press: ? - help, Shift-Dir - straight line, f - +1 glaive of protection
Aim: a +1 glaive of protection (softly glowing)
The thunderbolt hits the +1 glaive of protection.
The +1 glaive of protection completely resists.
The +1 glaive of protection stops glowing.
Evoke which item? (* to show all) (? for menu, Esc to quit)
Aiming: Thunderbolt
Press: ? - help, Shift-Dir - straight line, f/p - +1 glaive of protection
Aim: a +1 glaive of protection The thunderbolt hits the +1 glaive of protection.
The +1 glaive of protection completely resists.
You feel yourself speed up.
The +1 glaive of protection hits you from afar!!
You die...

## ##### ##### ### ##
##.####.#.## ##.#.####.####.####.
#...##.....###.....##...##...##..
.................................
..#...................#..........
.# #.................###(........
## ##...............## ##........
.###..............(..###.........
..#..)..........@....)#..........
......................)...)....).
....(..................).......).
.................................
..(((........................##..
............................####.
.((..........................# ..
.................................
.................................


You could see a +1 glaive of protection.

Vanquished Creatures
  Arachne (Spider:4)
  Rupert (D:12)
  3 tentacled starspawn (Abyss:3)
  Gastronok (D:12)
  A deep elf blademaster (Elf:2)
  The ghost of Zaguo the Spry, an adept MfTm of Okawaru (Spider:4)
  2 thorn hunters
  Kirke (D:12)
  3 deep elf sorcerers (Elf:1)
  3 emperor scorpions
  5 ghost moths
  An orc warlord (Orc:2)
  2 vampire knights (Swamp:4)
  A deep elf demonologist (Elf:2)
  4 entropy weavers
  Nessos (D:12)
  3 spark wasps
  A fire dragon (Lair:6)
  Josephine (Lair:4)
  Snorg (Lair:6)
  3 vault guards (D:13)
  2 ogre magi (D:15)
  A yaktaur captain (D:15)
  11 hydras
  A catoblepas (Lair:6)
  A centaur warrior (D:15)
  3 shambling mangroves (Swamp:4)
  9 two-headed ogres
  A death knight (D:15)
  12 alligators
  15 dancing weapons
  14 death yaks
  8 orc high priests (Orc:2)
  14 deep elf knights
  3 sun demons
  4 wretched stars (Abyss:3)
  Sonja (Orc:2)
  A sixfirhy (Abyss:3)
  3 unseen horrors
  5 swamp dragons
  A gelid demonspawn (Orc:2)
  An infernal demonspawn (Orc:2)
  2 spriggan druids
  A wizard (Elf:1)
  An orange crystal statue (Elf:1)
  2 lindwurms (Lair:6)
  3 spectral hydras (Swamp:4)
  18 deep elf archers
  4 orc sorcerers (Orc:2)
  6 orc knights
  16 wolf spiders
  5 oklob plants
  A faun (shapeshifter) (D:13)
  3 manticores
  53 deep elf magi
  14 large abominations (Abyss:3)
  2 ugly things
  A cyclops (D:13)
  14 orb spiders
  A rust devil (Orc:2)
  9 elephants
  A smoke demon (Abyss:3)
  A moth of wrath (Spider:3)
  An apocalypse crab (Abyss:3)
  An orange demon (Abyss:3)
  4 black mambas (Lair:6)
  A black mamba (shapeshifter) (D:14)
  A gargoyle (D:13)
  7 torpor snails
  Maggie (D:8)
  20 cane toads
  6 komodo dragons
  An ice devil (Orc:2)
  A rime drake (Lair:3)
  8 demonic crawlers
  A freezing wraith (Swamp:4)
  An efreet (D:15)
  3 hydra zombies
  A yaktaur (D:15)
  An ancient zyme (Abyss:3)
  A red devil (Orc:2)
  8 trolls
  3 death drake zombies (Swamp:4)
  37 jumping spiders
  15 hornets
  A polar bear (Lair:5)
  20 blink frogs
  A harpy skeleton (D:15)
  6 bog bodies
  A death drake skeleton (Swamp:4)
  A hippogriff (shapeshifter) (D:13)
  14 tyrant leeches
  8 hippogriffs
  8 slime creatures
  8 raiju (Abyss:3)
  3 hydra skeletons (Swamp:4)
  10 starcursed masses (Abyss:3)
  6 wraiths
  6 dream sheep (Lair:6)
  A shadow (Swamp:2)
  An air elemental (Elf:1)
  23 tarantellas
  80 redbacks
  4 flying skulls (Abyss:3)
  2 spriggans (Swamp:3)
  A vampire (D:12)
  2 wyverns
  3 water elementals (Elf:2)
  39 yaks
  A tarantella (shapeshifter) (Elf:1)
  Sigmund (D:2)
  2 chaos spawn (Abyss:3)
  6 hogs (D:12)
  A neqoxec (Abyss:3)
  A steam dragon (D:8)
  2 fire elementals
  2 basilisks
  3 wargs
  3 vampire mosquitoes (Swamp:4)
  11 insubstantial wisps
  21 swamp worms
  9 water moccasins
  3 hydra simulacra (Swamp:4)
  9 swamp drakes
  4 porcupines
  2 swamp dragon zombies (Swamp:4)
  5 ice beasts
  42 orc warriors
  2 black bears
  3 sky beasts
  3 phantoms
  2 boggarts (Elf:1)
  A swamp dragon skeleton (Swamp:4)
  A necrophage (D:11)
  25 ogres
  25 wolves
  8 centaurs
  10 crocodiles
  4 big kobolds
  4 gnoll sergeants
  An earth elemental (Elf:2)
  20 bullfrogs
  7 small abominations (Abyss:3)
  A water moccasin zombie (D:9)
  A wyvern skeleton (D:13)
  A scorpion (D:4)
  3 killer bees (D:7)
  11 wights
  5 electric eels
  6 howler monkeys
  15 jellies
  5 bullfrog zombies
  5 centaur zombies
  3 quasits
  3 centaur skeletons
  6 hounds
  25 orc priests
  27 orc wizards
  An iguana (D:13)
  6 worker ants
  Natasha (thrice) (D:2)
  3 big kobold zombies (Ossuary)
  2 hound skeletons
  4 mummies (Ossuary)
  2 worker ant zombies
  14 gnolls
  20 adders
  A naga simulacrum (Abyss:3)
  3 shadow imps
  15 white imps
  4 ufetubi
  13 oozes
  2 adder skeletons (D:7)
  A worm (D:2)
  3 leopard geckos
  111 orcs
  A ball python (D:3)
  7 giant cockroaches
  7 goblins
  8 hobgoblins
  17 jackals
  15 kobolds
  4 quokkas
  A ball python skeleton (D:5)
  3 bats
  3 frilled lizards
  3 hobgoblin zombies (Ossuary)
  A jackal skeleton (D:4)
  A leopard gecko skeleton (D:4)
  A leopard gecko zombie (D:5)
  5 rats
  2 briar patches (Swamp:4)
  A butterfly (Lair:2)
  7 fungi
  A lurking horror (Abyss:3)
  4 plants (Lair:6)
  A starspawn tentacle (Abyss:3)
1343 creatures vanquished.

Vanquished Creatures (collateral kills)
  An orb spider (Spider:1)
  A wolf spider (Spider:1)
2 creatures vanquished.

Vanquished Creatures (others)
  A vault guard (D:13)
  A hydra (Lair:3)
  A dancing weapon (Elf:1)
  A deep elf knight (Elf:2)
  2 large abominations (Abyss:3)
  A spriggan druid (Swamp:4)
  A swamp dragon (Swamp:3)
  2 wolf spiders
  A deep elf mage (Elf:1)
  A centaur zombie (D:15)
  A cane toad (Lair:6)
  2 demonic crawlers
  A red devil (Orc:2)
  2 jumping spiders (Spider:4)
  A dream sheep (Lair:6)
  A bog body (Swamp:1)
  A tarantella (Spider:1)
  A wyvern (Lair:2)
  A redback (Spider:3)
  A vampire mosquito (Swamp:4)
  A swamp worm (Swamp:4)
  2 orc warriors (Orc:2)
  A swamp dragon zombie (Swamp:4)
  A wolf (Lair:3)
  An orc wizard (Orc:1)
  An adder (D:8)
  An orc (Orc:2)
  A briar patch (Swamp:4)
  7 fungi
  15 plants
  10 starspawn tentacles (Abyss:3)
65 creatures vanquished.

Grand Total: 1410 creatures vanquished

Notes
Turn   | Place    | Note
-------+----------+-------------------------------------------
     0 | D:1      | BeastOfSaturn the Demonspawn Venom Mage began the quest for
                  | the Orb.
     0 | D:1      | Reached XP level 1. HP: 13/13 MP: 3/3
   249 | D:1      | Gained mutation: You sometimes gain a little power by
                  | taking damage. [demonic ancestry]
   249 | D:1      | Reached XP level 2. HP: 19/19 MP: 0/5
   442 | D:1      | Learned a level 2 spell: Poisonous Vapours
  1150 | D:2      | Gained mutation: You have a pair of small horns on your
                  | head. [demonic ancestry]
  1150 | D:2      | Reached XP level 3. HP: 18/24 MP: 1/6
  1376 | D:2      | Learned a level 3 spell: Mephitic Cloud
  1476 | D:2      | Noticed Sigmund
  1697 | D:3      | Gained mutation: Your flesh is heat resistant. (rF+)
                  | [demonic ancestry]
  1697 | D:3      | Reached XP level 4. HP: 11/30 MP: 1/8
  2113 | D:3      | Noticed a bullfrog
  2395 | D:2      | Noticed Natasha
  2397 | D:2      | Killed Natasha
  2810 | D:2      | Reached skill level 1 in Armour
  3044 | D:3      | Reached XP level 5. HP: 24/35 MP: 1/10
  3496 | D:3      | Learned a level 4 spell: Olgreb's Toxic Radiance
  3564 | D:3      | Reached skill level 5 in Poison Magic
  3918 | D:3      | Gained mutation: You have a pair of horns on your head.
                  | [demonic ancestry]
  3918 | D:3      | Reached XP level 6. HP: 28/41 MP: 9/12
  4101 | D:2      | Noticed Natasha
  4104 | D:2      | Killed Natasha
  4174 | D:2      | Killed Sigmund
  4437 | D:2      | Noticed Natasha
  4440 | D:2      | Killed Natasha
  4480 | D:4      | Upgraded the game from 0.26-a0-244-g083ca260ac to
                  | 0.26-a0-252-gb32a1a6195
  4594 | D:4      | Gained mutation: You are surrounded by a mild repulsion
                  | field. (EV +2) [demonic ancestry]
  4594 | D:4      | Reached XP level 7. HP: 46/46 MP: 14/14
  4689 | D:4      | Found Vietuog's Magic Scroll Shoppe.
  4716 | D:4      | Found a staircase to the Ecumenical Temple.
  4733 | Temple   | Entered the Ecumenical Temple
  4831 | Temple   | Became a worshipper of Ru the Awakened
  4855 | D:4      | Found Kionoama's Book Shop.
  4865 | D:4      | Reached skill level 1 in Shields
  5047 | D:4      | Reached skill level 5 in Spellcasting
  5339 | D:4      | Found Guroh's Antique Weapon Shoppe.
  5351 | D:4      | Bought a runed long sword for 149 gold pieces
  5375 | D:4      | Found Cudumeg's Weapon Emporium.
  5415 | D:5      | Entered Level 5 of the Dungeon
  5547 | D:5      | Found a sand-covered staircase.
  5683 | D:4      | Bought a scroll of remove curse for 36 gold pieces
  5885 | Ossuary  | Entered an ossuary
  5904 | Ossuary  | Reached XP level 8. HP: 29/52 MP: 14/16
  6063 | Ossuary  | Gained mutation: Your magical capacity is low. (-10% MP)
                  | [Ru sacrifice]
  6487 | D:5      | Got a vibrating golden ring
  6488 | D:5      | Identified the ring "Rasiw" {rPois AC+4 Slay+2} (You found
                  | it on level 5 of the Dungeon)
  7064 | D:6      | Found Finant's Book Boutique.
  7097 | D:6      | Found an iron altar of Okawaru.
  7098 | D:6      | Found an ornate altar of the Wu Jian Council.
  7098 | D:6      | Found a stormy altar of Qazlal.
  7098 | D:6      | Found a shimmering altar of Xom.
  7099 | D:6      | Found a radiant altar of Vehumet.
  7099 | D:6      | Found an ancient bone altar of Kikubaaqudgha.
  7099 | D:6      | Found a hide-covered altar of Uskayaw.
  7100 | D:6      | Found a basalt altar of Yredelemnul.
  7241 | D:5      | HP: 1/52 [orc warrior/+0 morningstar (11)]
  7654 | D:6      | Gained mutation: You are immune to clouds of flame.
                  | [demonic ancestry]
  7654 | D:6      | Reached XP level 9. HP: 56/57 MP: 14/16
  8090 | D:7      | Noticed a troll
  8095 | D:7      | Reached skill level 5 in Armour
  8097 | D:7      | Reached skill level 1 in Fighting
  8113 | D:7      | Killed a troll
  8243 | D:7      | Got a twisted hand axe
  8244 | D:7      | Identified the +12 hand axe of Valour {vorpal, rF+} (You
                  | found it on level 7 of the Dungeon)
  8344 | D:7      | Reached skill level 1 in Axes
  8544 | D:7      | Gained mutation: You are somewhat inexperienced. (-2 XL)
                  | [Ru sacrifice]
  8544 | D:7      | Reached XP level 8. HP: 58/58 MP: 24/24
  8544 | D:7      | Reached XP level 7. HP: 52/52 MP: 23/23
  8544 | D:7      | Reached * piety under Ru
  8544 | D:7      | Reached ** piety under Ru
  8544 | D:7      | Reached *** piety under Ru
  8544 | D:7      | Reached **** piety under Ru
  8582 | D:7      | Reached skill level 2 in Axes
  8758 | D:7      | Reached XP level 8. HP: 51/58 MP: 15/15
  8809 | D:7      | Reached skill level 3 in Axes
  9176 | D:8      | Reached skill level 4 in Axes
  9249 | D:8      | Identified a scroll of acquirement
  9249 | D:8      | Acquired 1040 gold pieces
  9349 | D:4      | Bought a book of Fire for 910 gold pieces
  9355 | D:4      | Learned a level 5 spell: Fireball
  9500 | D:8      | Got an encrusted scale mail
  9511 | D:8      | Identified the cursed +1 scale mail of the Present {+Inv
                  | Str+4} (You found it on level 8 of the Dungeon)
  9539 | D:8      | Acquired 390 gold pieces
  9576 | D:8      | Reached XP level 9. HP: 50/65 MP: 16/16
  9835 | D:8      | Reached skill level 5 in Axes
  9835 | D:8      | Reached skill level 1 in Conjurations
 10060 | D:8      | Reached skill level 1 in Fire Magic
 10308 | D:8      | Noticed Maggie
 10314 | D:8      | Killed Maggie
 10647 | D:9      | Found a glowing golden altar of the Shining One.
 10693 | D:9      | Gained mutation: Potions are less effective at restoring
                  | your health. [Ru sacrifice]
 10702 | D:9      | Reached skill level 6 in Axes
 10706 | D:9      | Reached skill level 5 in Fighting
 10719 | D:9      | Gained mutation: You sometimes gain power by taking damage.
                  | [demonic ancestry]
 10719 | D:9      | Reached XP level 10. HP: 59/74 MP: 17/17
 11009 | D:9      | Reached skill level 7 in Axes
 11073 | D:9      | Noticed a two-headed ogre
 11081 | D:9      | Killed a two-headed ogre
 11568 | D:10     | Entered Level 10 of the Dungeon
 11780 | D:10     | Reached skill level 8 in Axes
 12186 | D:10     | Found a staircase to the Orcish Mines.
 12196 | D:10     | Gained mutation: Your demonic aura causes spilled blood to
                  | erupt in flames. [demonic ancestry]
 12196 | D:10     | Reached XP level 11. HP: 81/81 MP: 2/18
 12523 | D:11     | Gained mutation: You cannot study or cast Air magic. [Ru
                  | sacrifice]
 12523 | D:11     | Gained mutation: You cannot study or cast Charms magic. [Ru
                  | sacrifice]
 12523 | D:11     | Gained mutation: You cannot study or cast Necromancy magic.
                  | [Ru sacrifice]
 12523 | D:11     | Reached ***** piety under Ru
 12539 | D:11     | Noticed a death yak
 12539 | D:11     | Noticed a death yak
 12541 | D:11     | Noticed a death yak
 12541 | D:11     | Noticed a death yak
 12550 | D:11     | Reached skill level 9 in Axes
 12558 | D:11     | Killed a death yak
 12558 | D:11     | Noticed a death yak
 12559 | D:11     | Noticed a death yak
 12562 | D:11     | Killed a death yak
 12574 | D:10     | Killed a death yak
 12575 | D:10     | Killed a death yak
 12575 | D:10     | Reached skill level 10 in Axes
 12933 | D:11     | Found a staircase to the Lair.
 13367 | D:11     | Killed a death yak
 13374 | D:11     | Killed a death yak
 13665 | Lair:1   | Entered Level 1 of the Lair of Beasts
 13702 | Lair:1   | Reached skill level 11 in Axes
 14080 | Lair:1   | Found a runed translucent door.
 14085 | Lair:1   | Noticed Zequfot's ghost (journeyman DESu)
 14099 | Lair:1   | Noticed an oklob plant
 14212 | Lair:1   | Gained mutation: You are surrounded by a moderate repulsion
                  | field. (EV +3) [demonic ancestry]
 14212 | Lair:1   | Reached XP level 12. HP: 86/88 MP: 18/18
 14998 | Lair:2   | Gained mutation: Your magical capacity is very low. (-20%
                  | MP) [Ru sacrifice]
 15030 | Lair:2   | You fall into a shaft and drop 1 floor!
 15079 | Lair:3   | Found a hole to the Spider Nest.
 15117 | Lair:3   | Learned a level 4 spell: Hailstorm
 15200 | Lair:3   | Reached skill level 12 in Axes
 15275 | Lair:3   | Noticed a seven-headed hydra
 15291 | Lair:3   | Killed a seven-headed hydra
 15388 | Lair:3   | Upgraded the game from 0.26-a0-252-gb32a1a6195 to
                  | 0.26-a0-257-g47e9e61525
 15473 | Lair:3   | Noticed a six-headed hydra
 15485 | Lair:3   | Killed a six-headed hydra
 15485 | Lair:3   | Reached skill level 5 in Conjurations
 15811 | Lair:2   | Reached skill level 13 in Axes
 16112 | Lair:2   | Gained mutation: You cannot be stealthy. [Ru sacrifice]
 16112 | Lair:2   | Reached ****** piety under Ru
 16853 | Lair:4   | Noticed Josephine
 16863 | Lair:4   | Killed Josephine
 17086 | Lair:4   | Found a staircase to the Swamp.
 17829 | D:12     | Reached skill level 5 in Fire Magic
 17982 | D:12     | Noticed Rupert
 17998 | D:12     | Killed Rupert
 17998 | D:12     | Reached skill level 14 in Axes
 17998 | D:12     | Reached XP level 13. HP: 60/93 MP: 4/17
 18244 | D:12     | Noticed Kirke
 18252 | D:12     | Reached skill level 1 in Evocations
 18263 | D:12     | Killed Kirke
 18291 | D:12     | Noticed Nessos
 18296 | D:12     | Killed Nessos
 18720 | D:12     | Noticed Gastronok
 18733 | D:12     | Killed Gastronok
 19063 | D:13     | You fall into a shaft and drop 1 floor!
 19834 | D:13     | Found a gate to the Vaults.
 20062 | D:13     | Upgraded the game from 0.26-a0-257-g47e9e61525 to
                  | 0.26-a0-264-g3a471323bd
 20233 | D:13     | Found Ifumuv's Food Boutique.
 20561 | Spider:1 | Entered Level 1 of the Spider Nest
 20714 | Spider:1 | Reached XP level 14. HP: 61/108 MP: 2/18
 21011 | Spider:1 | Found a transporter.
 21014 | Spider:1 | Noticed Sensen's ghost (adept MiBe)
 21014 | Spider:1 | Found a transporter.
 21517 | Lair:5   | Reached skill level 5 in Shields
 22094 | Lair:5   | Found a sparkling altar of Nemelex Xobeh.
 22668 | Lair:6   | Entered Level 6 of the Lair of Beasts
 22748 | Lair:6   | Noticed Snorg
 22757 | Lair:6   | Killed Snorg
 22845 | Lair:6   | Found a staircase to the Slime Pits.
 23641 | Lair:6   | Reached skill level 10 in Fire Magic
 23662 | Lair:6   | Gained mutation: You have a pair of large horns on your
                  | head. [demonic ancestry]
 23662 | Lair:6   | Reached XP level 15. HP: 106/113 MP: 1/19
 24219 | Lair:6   | Found a runed translucent door.
 24249 | Lair:6   | Paralysed by a hornet for 1 turns
 25091 | Orc:1    | Entered Level 1 of the Orcish Mines
 25118 | Orc:1    | You fall into a shaft and drop 1 floor!
 25118 | Orc:2    | Entered Level 2 of the Orcish Mines
 25476 | Orc:2    | Learned a level 8 spell: Controlled Blink
 26014 | Orc:2    | Noticed an orc warlord
 26040 | Orc:2    | Killed an orc warlord
 26161 | Orc:2    | Noticed Sonja
 26171 | Orc:2    | Killed Sonja
 26234 | Orc:2    | Found a staircase to the Elven Halls.
 26330 | Orc:2    | Found Quam's General Store.
 26344 | Orc:2    | Reached skill level 1 in Translocations
 26345 | Orc:2    | Found Ypihamm's Distillery.
 26782 | Orc:2    | Bought a potion of might for 44 gold pieces
 26782 | Orc:2    | Bought a potion of invisibility for 88 gold pieces
 26782 | Orc:2    | Bought a scroll of fog for 22 gold pieces
 26782 | Orc:2    | Bought a scroll of fear for 38 gold pieces
 26782 | Orc:2    | Bought a scroll of teleportation for 33 gold pieces
 26784 | Orc:2    | Bought a potion of haste for 180 gold pieces
 26784 | Orc:2    | Bought a potion of haste for 180 gold pieces
 26784 | Orc:2    | Bought a potion of heal wounds for 90 gold pieces
 26784 | Orc:2    | Bought a potion of lignification for 54 gold pieces
 26784 | Orc:2    | Bought a potion of lignification for 54 gold pieces
 26784 | Orc:2    | Bought a potion of heal wounds for 90 gold pieces
 26784 | Orc:2    | Bought a potion of curing for 54 gold pieces
 27112 | Orc:2    | Found Ysmea's Gadget Shoppe.
 27112 | Orc:2    | Found Ruethra's Antique Weapon Emporium.
 27112 | Orc:2    | Found a one-way gate leading to the halls of Pandemonium.
 27122 | Orc:2    | Bought a wand of iceblast (9) for 143 gold pieces
 27122 | Orc:2    | Bought a wand of iceblast (6) for 110 gold pieces
 27122 | Orc:2    | Bought a phial of floods for 440 gold pieces
 27122 | Orc:2    | Bought a wand of iceblast (10) for 154 gold pieces
 27122 | Orc:2    | Bought a lightning rod (4/4) for 440 gold pieces
 28567 | Spider:3 | Reached skill level 10 in Spellcasting
 28578 | Spider:2 | Gained mutation: You are surrounded by a strong repulsion
                  | field. (EV +4, RMsl) [demonic ancestry]
 28578 | Spider:2 | Reached XP level 16. HP: 36/120 MP: 3/24
 29787 | Spider:3 | Found a runed translucent door.
 29787 | Spider:3 | Noticed MrRokkomies's ghost (adept KoAM)
 30063 | Spider:4 | Entered Level 4 of the Spider Nest
 30096 | Spider:4 | Reached skill level 10 in Shields
 30634 | Spider:4 | Found a runed translucent door.
 30636 | Spider:4 | Noticed Zaguo's ghost (adept MfTm)
 30657 | Spider:4 | Killed Zaguo's ghost
 31831 | Spider:4 | Noticed Arachne
 31846 | Spider:4 | Killed Arachne
 31846 | Spider:4 | Reached skill level 5 in Translocations
 32434 | Spider:4 | Paralysed by a hornet for 1 turns
 33021 | Spider:4 | Got a gossamer rune of Zot
 34029 | D:15     | Entered Level 15 of the Dungeon
 34548 | D:15     | Reached XP level 17. HP: 91/125 MP: 23/25
 34745 | D:15     | Found a blossoming altar of Fedhas.
 35077 | D:15     | Found a staircase to the Depths.
 35502 | D:15     | Upgraded the game from 0.26-a0-264-g3a471323bd to
                  | 0.26-a0-278-g3b0d5afba5
 35719 | Swamp:1  | Entered Level 1 of the Swamp
 35739 | Swamp:1  | Learned a level 6 spell: Starburst
 37166 | Swamp:2  | Identified the amulet of Mateh {rF+ Regen+ MP-9 Dex+3} (You
                  | found it on level 2 of the Swamp)
 38279 | Swamp:4  | Entered Level 4 of the Swamp
 38381 | Swamp:4  | Reached skill level 5 in Evocations
 39205 | Swamp:4  | Paralysed by something for 2 turns
 39704 | Swamp:4  | Found a blossoming altar of Fedhas.
 39736 | Swamp:4  | Reached skill level 15 in Shields
 40019 | Swamp:4  | Found a basalt altar of Yredelemnul.
 40211 | Swamp:4  | Got a decaying rune of Zot
 40592 | Elf:1    | Entered Level 1 of the Elven Halls
 40636 | Elf:1    | Reached XP level 18. HP: 86/132 MP: 17/26
 40732 | Elf:1    | Cast into level 3 of the Abyss (a deep elf sorcerer)
 41005 | Abyss:3  | Gained mutation: You occasionally shout uncontrollably at
                  | your foes. [a neqoxec]
 41035 | Elf:1    | Escaped the Abyss
 41293 | Elf:1    | Reached skill level 15 in Axes
 41433 | Elf:1    | Cast into level 3 of the Abyss (a deep elf sorcerer)
 41957 | Elf:1    | Escaped the Abyss
 41959 | Elf:1    | Found Qurosko's Assorted Antiques.
 41990 | Elf:1    | Bought a pair of runed boots for 262 gold pieces
 41990 | Elf:1    | Bought a potion of curing for 105 gold pieces
 42041 | Elf:1    | Found Gotirchu's Antique Armour Shoppe.
 42098 | Elf:1    | Reached skill level 16 in Axes
 42258 | Elf:1    | Upgraded the game from 0.26-a0-278-g3b0d5afba5 to
                  | 0.26-a0-284-g73c0fb6129
 42299 | Elf:1    | Found Keuc's Armour Shop.
 43078 | Elf:2    | Found a runed translucent gate.
 43078 | Elf:2    | Found a runed translucent gate.
 43079 | Elf:2    | Found a runed translucent gate.
 43177 | Elf:2    | Gained mutation: Your magical and physical power is
                  | slightly enhanced at high health. [demonic ancestry]
 43177 | Elf:2    | Reached XP level 19. HP: 107/138 MP: 14/27
 43408 | Elf:2    | Reached skill level 17 in Axes
 43457 | Elf:2    | Mangled by a +1 glaive of protection

Illustrated notes

Levels and vault maps discovered:
D:1:      scummos_arrival_star, layout_basic, roderic_roman_lattice
D:2:      layout_basic, uniq_natasha, uniq_sigmund
D:3:      layout_loops_ring, serial_aquarium, aquarium_bridge_straight
          [aquarium_subvault_bridge, aquarium_subvault_wall,
          aquarium_subvault_bridge, aquarium_subvault_window],
          aquarium_window_corner, aquarium_window_1, aquarium_window_1,
          aquarium_view_2e, aquarium_pool_four, minmay_randomly_rotated_circles
D:4:      layout_basic, minmay_temple_entry_mini_moons, first_ration,
          serial_shops, nicolae_shop_behind_doors, shop, shop_statue, shop
D:5:      layout_basic, portal_sewer_entry_d, nicolae_ossuary_entry_monument
D:6:      layout_basic, grunt_temple_overflow_open, serial_shops,
          kennysheep_mini, minivault_22
D:7:      cheibrodos_barr_body, layout_loops_ring, grunt_ogre_cave
D:8:      minmay_thinvault, layout_gridville, hangedman_abyss_or_decor_slice,
          uniq_maggie
D:9:      layout_basic, nicolae_tso_carved_into_rock,
          chequers_serial_rivers_marsh
D:10:     layout_basic, kennysheep_orc_monster_closet_entryway
D:11:     layout_loops_cross, dpeg_lair_monsters
D:12:     lemuel_slime, layout_stronghold, uniq_rupert, uniq_kirke,
          uniq_gastronok, uniq_nessos
D:13:     layout_loops_ring, lightli_vaults_fourway_checkpoint, serial_shops,
          nicolae_shop_competitors_out_of_business, grunt_decor_arrowhead
D:14:     layout_loops_cross, serial_park_paths [serial_park_minivault_5x5_4]
D:15:     grunt_enter_depths_snipers, layout_loops_ring,
          fedhas_altar_fruit_tree, columned_hall_lemuel
Temple:   dshaligram_water_room_temple
Lair:1:   layout_cave_shapes, hellmonk_ghost_happy_afterlife,
          serial_bayou_lake_a, serial_bayou_shore_a, lemuel_fruit_fields,
          minmay_lair_oklob_chamber
Lair:2:   layout_loops_ring, portal_ice_cave_entry_imps, lemuel_fruit_fields,
          infiniplex_staircase_pool_2
Lair:3:   layout_roguey, spider_nest_entry_rubble, enter_volcano_2
Lair:4:   layout_misc_corridors, skrybe_swamp_entry_bodies, uniq_josephine
Lair:5:   layout_roguey, basic_altar, grunt_megastairs_5
Lair:6:   wormcave, layout_regular_city, hangedman_lair_in_review, slime_dummy,
          uniq_snorg
Swamp:1:  layout_basic_swamp, hangedman_swamp_blocks
Swamp:2:  layout_basic_swamp, hangedman_swamp_ruin_hall
Swamp:3:  layout_basic_swamp, evilmike_swamp_ruin_house_2
Swamp:4:  byrel_swamp_growth_death_and_undeath, layout_basic_swamp, swamp_pool4,
          nicolae_swamp_treefoil
Spider:1: layout_spider_delve, gammafunk_ghost_arena
Spider:2: layout_spider_delve, nicolae_spider_cling_ruins
Spider:3: layout_spider_delve, ebering_ghost_inner_flame
Spider:4: johnstein_spider_rune_arachne_lair, gammafunk_ghost_grave
Orc:1:    layout_caves
Orc:2:    pf_orc_diabolical, layout_caves, uniq_sonja
Elf:1:    eino_elf_arrival_shootout, layout_gridlike, serial_shops,
          bzr_in_the_mist, nicolae_shop_trees, shop, shop_coins,
          hangedman_elf_disciples, minmay_misc_feat_diagonals, minivault_16
Elf:2:    layout_onion_city

Skill      XL: |  1  2  3  4  5  6  7  8  9 10 11 12 13 14 15 16 17 18 19 |
---------------+----------------------------------------------------------+-----
Poison Magic   | 4 5 6 7 8 |  8.0
Spellcasting   | 3 4 5 6 10 11 | 11.6
Armour         | 1 2 4 7 |  7.0
Shields        | 1 3 4 7 9 12 15 | 15.0
Fighting       | 4 5 6 9 |  9.0
Axes           | 2 4 6 8 11 14 16 17 | 17.1
Conjurations   | 1 3 4 5 6 8 9 |  9.1
Fire Magic     | 1 2 4 5 8 10 | 10.0
Stealth        | 0 |  0.0
Evocations     | 2 3 4 5 |  5.6
Translocations | 2 5 7 8 |  8.2
Dodging        | |  1.7
Transmutations | |  0.8

Action                   |  1- 3 |  4- 6 |  7- 9 | 10-12 | 13-15 | 16-18 | 19-21 || total
-------------------------+-------+-------+-------+-------+-------+-------+-------++-------
Melee: Unarmed           |    29 |       |       |       |       |       |       ||    29
       Whip              |    63 |    18 |       |       |       |       |       ||    81
       Headbutt          |     2 |    11 |    75 |    67 |   152 |   334 |     9 ||   650
       Dagger            |       |    16 |       |       |       |       |       ||    16
       Short sword       |       |    77 |    66 |       |       |       |       ||   143
       Hand axe          |       |       |   398 |   412 |   802 |   516 |       ||  2128
       Long sword        |       |       |    34 |       |       |       |       ||    34
       Broad axe         |       |       |       |       |       |   993 |    57 ||  1050
 Cast: Sting             |    23 |     5 |     1 |       |       |       |       ||    29
       Poisonous Vapours |    10 |    47 |    15 |       |       |       |       ||    72
       Olgreb's Toxic Ra |       |       |    16 |    32 |    76 |    47 |       ||   171
       Fireball          |       |       |       |       |     6 |    33 |       ||    39
       Hailstorm         |       |       |       |       |       |     2 |       ||     2
       Starburst         |       |       |       |       |       |     1 |       ||     1
Invok: Sacrifice Experie |       |       |     1 |       |       |       |       ||     1
       Sacrifice Essence |       |       |     1 |     1 |       |       |       ||     2
       Sacrifice Purity  |       |       |     1 |       |       |       |       ||     1
       Sacrifice Arcana  |       |       |       |     1 |       |       |       ||     1
       Sacrifice Stealth |       |       |       |     1 |       |       |       ||     1
       Draw Out Power    |       |       |       |       |       |     1 |       ||     1
Evoke: Wand              |       |       |       |     5 |     9 |    43 |     1 ||    58
       Lightning rod     |       |       |       |       |       |       |     2 ||     2
  Use: Scroll            |     3 |     8 |    11 |    11 |    13 |    19 |     1 ||    66
       Potion            |       |       |     3 |       |     2 |    17 |     1 ||    23
 Stab: Sleeping          |       |     1 |     3 |       |       |       |       ||     4
       Distracted        |       |       |       |     4 |     5 |    12 |     1 ||    22
       Paralysed         |       |       |       |     4 |     4 |    17 |       ||    25
       Invisible         |       |       |       |     1 |     5 |    12 |       ||    18
       Held in net/web   |       |       |       |     1 |       |       |       ||     1
       Confused          |       |       |       |       |       |     1 |       ||     1
  Eat: Removed food      |     1 |     3 |     5 |     8 |     8 |     8 |       ||    33
Armor: Robe              |    33 |    10 |       |       |       |       |       ||    43
       Leather armour    |       |    11 |   162 |       |       |       |       ||   173
       Acid dragon scale |       |       |    11 |   128 |   258 |   518 |    25 ||   940
       Skin              |       |       |       |       |       |    10 |       ||    10
Dodge: Dodged            |   120 |    85 |   311 |   211 |   306 |   799 |    20 ||  1852
       Repelled          |       |       |       |       |       |    51 |     1 ||    52
Block: Buckler           |       |     4 |   120 |    52 |   163 |   290 |       ||   629
       Kite shield       |       |       |       |       |       |   246 |    38 ||   284
       Rpst.: Long sword |       |       |     9 |       |       |       |       ||     9

Table legend:
 A = Non-vault XP
 B = Vault XP
 C = Vault XP percentage of total XP
 D = Non-vault monster count
 E = Vault monster count
 F = Vault count percentage of total count
                 A         B        C        D         E       F
            +---------+---------+-------+---------+---------+-------
      Total |  229477 |  164961 |  41.8 |     972 |     388 |  28.5
            +---------+---------+-------+---------+---------+-------
        D:1 |      23 |       0 |   0.0 |      10 |       0 |   0.0
        D:2 |     146 |     232 |  61.4 |      27 |       2 |   6.9
        D:3 |     246 |      14 |   5.4 |      35 |       6 |  14.6
        D:4 |     449 |       0 |   0.0 |      30 |       0 |   0.0
        D:5 |     601 |      14 |   2.3 |      19 |       1 |   5.0
        D:6 |     931 |       0 |   0.0 |      27 |       0 |   0.0
        D:7 |    1588 |     654 |  29.2 |      34 |      11 |  24.4
        D:8 |    1149 |    1233 |  51.8 |      20 |      11 |  35.5
        D:9 |    3886 |       0 |   0.0 |      41 |       0 |   0.0
       D:10 |    1640 |    3264 |  66.6 |      15 |      22 |  59.5
       D:11 |    1823 |    3517 |  65.9 |      23 |       4 |  14.8
       D:12 |    1700 |    9522 |  84.9 |      14 |      29 |  67.4
       D:13 |    4633 |    6277 |  57.5 |      13 |      11 |  45.8
       D:14 |     836 |       0 |   0.0 |       3 |       0 |   0.0
       D:15 |   12907 |    2303 |  15.1 |      27 |       3 |  10.0
     Lair:1 |    4739 |       0 |   0.0 |      31 |       0 |   0.0
     Lair:2 |    3889 |     118 |   2.9 |      22 |      12 |  35.3
     Lair:3 |    4512 |     225 |   4.7 |      18 |       1 |   5.3
     Lair:4 |    1221 |    3724 |  75.3 |       7 |       8 |  53.3
     Lair:5 |    7012 |    2648 |  27.4 |      28 |       3 |   9.7
     Lair:6 |   11265 |   19480 |  63.4 |      35 |      41 |  53.9
    Swamp:1 |    4788 |       0 |   0.0 |      16 |       0 |   0.0
    Swamp:2 |    5432 |       0 |   0.0 |      21 |       0 |   0.0
    Swamp:3 |   13492 |    2095 |  13.4 |      34 |       1 |   2.9
    Swamp:4 |    8990 |   22555 |  71.5 |      22 |      42 |  65.6
   Spider:1 |   11527 |       0 |   0.0 |      43 |       0 |   0.0
   Spider:2 |   14771 |       0 |   0.0 |      40 |       0 |   0.0
   Spider:3 |   14968 |   10471 |  41.2 |      47 |       8 |  14.5
   Spider:4 |    8613 |   25109 |  74.5 |      26 |      49 |  65.3
      Orc:1 |    1840 |       0 |   0.0 |      40 |       0 |   0.0
      Orc:2 |    5720 |   17838 |  75.7 |      53 |      64 |  54.7
      Elf:1 |   34583 |    8246 |  19.3 |      51 |      14 |  21.5
      Elf:2 |   14117 |   22084 |  61.0 |      26 |      28 |  51.9
    Abyss:3 |   25440 |    2999 |  10.5 |      74 |       3 |   3.9
    Ossuary |       0 |     339 | 100.0 |       0 |      14 | 100.0
            +---------+---------+-------+---------+---------+-------
